 Dungeon Crawl Stone Soup version 0.28-a0-1629-gf728b707aa (webtiles) character file.

Game seed: 15634354637797717708

1831 funkygono the Firebug (level 9, -1/46 HPs)
             Began as a Gargoyle Fire Elementalist on Jan 24, 2022.
             Was a Follower of Vehumet.
             Slain by a yak (5 damage)
             ... on level 6 of the Dungeon.
             The game lasted 00:11:58 (5847 turns).

funkygono the Firebug (Gargoyle Fire Elementalist)  Turns: 5847, Time: 00:11:58

Health: -1/46      AC: 13    Str: 11    XL:     9   Next: 11%
Magic:  13/19      EV: 12    Int: 21    God:    Vehumet [*.....]
Gold:   380        SH:  0    Dex: 10    Spells: 11/21 levels left

rFire   . . .      SeeInvis .   y - +5 mace
rCold   . . .      Faith    .   (no shield)
rNeg    + . .      Spirit   .   q - +2 robe {Archmagi}
rPois   ∞          Reflect  .   (no helmet)
rElec   +          Harm     .   u - +0 cloak
rCorr   .          Rampage  .   m - +1 pair of gloves
Will    .....      Archmagi +   (no boots)
Stlth   ++........              c - amulet of magic regeneration
HPRegen 0.15/turn               (no ring)
MPRegen 0.56/turn               (no ring)

@: no status effects
A: sickness immunity, AC +6, negative energy resistance 1, electricity
resistance, torment resistance 1, petrification resistance
a: Renounce Religion


You were on level 6 of the Dungeon.
You worshipped Vehumet.
Vehumet was aware of your devotion.
You visited 2 branches of the dungeon, and saw 7 of its levels.
You also visited: Sewer.

You collected 380 gold pieces.

Inventory:

Hand Weapons
 d - the +8 trident of the Octopus King {venom, rElec rPois}
   (You found it on level 4 of the Dungeon)

   It poisons the flesh of those it strikes.
   rElec:     It insulates you from electricity.
   rPois:     It protects you from poison.
 h - a +2 whip
 t - a +2 quarterstaff of chaos
 v - a +0 mace
 y - a +5 mace (weapon)
Missiles
 b - 310 stones
Armour
 a - a +0 robe
 i - a +1 buckler of reflection
 j - a +0 ring mail
 m - a +1 pair of gloves (worn)
 q - a +2 robe of the Archmagi (worn)
 u - a +0 cloak (worn)
Magical Staves
 x - a staff of earth
Jewellery
 c - an amulet of magic regeneration (around neck)
Wands
 n - a wand of mindburst (2)
 s - a wand of iceblast (5)
Scrolls
 e - a scroll of teleportation
 z - a scroll of immolation {unknown}
Potions
 f - a potion of flight
 g - a potion of brilliance
 k - a potion of haste
 l - a potion of curing {unknown}
 o - 2 potions of heal wounds {unknown}
 p - a potion of magic {unknown}
 r - 4 potions of attraction {unknown}
 w - 2 potions of berserk rage {unknown}
 B - a potion of mutation {unknown}


   Skills:
 + Level 0.6 Fighting
 + Level 1.0 Maces & Flails
 + Level 2.2 Dodging
 - Level 2.1 Stealth
 * Level 6.9 Spellcasting
 * Level 5.4 Conjurations
 * Level 7.5 Fire Magic


You had 11 spell levels left.
You knew the following spells:

 Your Spells              Type           Power      Damage    Failure   Level
a - Foxfire               Conj/Fire      100%       2x1d9     1%          1
b - Scorch                Fire           100%       2d10      1%          2
c - Conjure Flame         Conj/Fire      51%        6-21      1%          3
d - Flame Wave            Conj/Fire      51%        2d10      6%          4

Your spell library contained the following spells:

 Spells                   Type           Power      Damage    Failure   Level
 Freeze                   Ice            40%        1d6       9%          1
 Inner Flame              Hex/Fire       34%        N/A       5%          3
 Apportation              Tloc           20%        N/A       9%          1
 Slow                     Hex            40%        N/A       9%          1
 Sting                    Tmut/Pois      40%        1d5       9%          1
 Poisonous Vapours        Pois/Air       20%        N/A       14%         2
 Confusing Touch          Hex            10%        N/A       26%         3
 Vampiric Draining        Necr           10%        2d6       26%         3
 Animate Dead             Necr           5%         N/A       65%         4
 Olgreb's Toxic Radiance  Pois           10%        N/A       65%         4
 Alistair's Intoxication  Tmut/Pois      6%         N/A       94%         5
 Borgnjor's Vile Clutch   Necr/Erth      5%         N/A       94%         5
 Death Channel            Necr           5%         N/A       100%        6


Dungeon Overview and Level Annotations

Branches:
Dungeon (6/15)             Temple (1/1) D:5           Sewer (visited)

Altars:
Ashenzari
Cheibriados
Elyvilon
Fedhas
Gozag
Hepliaklqana
Kikubaaqudgha
Makhleb
Nemelex Xobeh
Okawaru
Qazlal
Ru
Sif Muna
Trog
Uskayaw
Vehumet
Wu Jian
Xom
Yredelemnul
Zin
The Shining One

Shops:
D:4 :


Innate Abilities, Weirdness & Mutations

You are immune to sickness and miasma.
Your stone body is resilient. (AC +6)
You are immune to poison.
You resist negative energy. (rN+)
You are resistant to electric shocks. (rElec)
You are resistant to unholy torment.
You are immune to petrification.


Message History

Press: ? - help, Dir - look around, f - activate You feel a surge of power!
A wave of flame ripples out!
The flame wave engulfs the yak!
The yak is lightly wounded.
The flame wave engulfs the yak.
The yak is moderately wounded.
The flame wave engulfs the yak!
You kill the yak!
Vehumet accepts your kill.
The flame wave engulfs the yak!!
The yak is heavily wounded. (Press . to intensify the flame waves.)
The yak completely misses you. The yak gores you!
* * * LOW HITPOINT WARNING * * *
Your Maces & Flails skill increases to level 1!
A wave of flame ripples out!
The flame wave engulfs the yak.
The yak is lightly wounded.
The flame wave engulfs the yak.
The yak is heavily wounded.
The flame wave engulfs the yak!
The yak is heavily wounded.
The flame wave engulfs the yak!
The yak is severely wounded.
The flame wave engulfs the yak!
The yak is moderately wounded.
The yak barely misses you. The yak gores you!
* * * LOW HITPOINT WARNING * * *
The yak barely misses you. x2
A wave of flame ripples out!
The flame wave engulfs the yak!
The yak is heavily wounded.
The flame wave engulfs the yak.
The yak is heavily wounded.
The flame wave engulfs the yak!
The yak is severely wounded.
The flame wave engulfs the yak.
The yak is severely wounded.
The flame wave engulfs the yak!
The yak is severely wounded.
You finish channelling waves of flame.
The yak gores you.
You die...

<#.. .....
....... ...(
....#..####....
.......!.......
##...
.............
.....
.........Y..
....
........YY#
#....
........Y@#
).... #.....Y.#
.....
.....#.#.##
..... .##
#)...# .....
###..## #..#.
#...## .....
####...## .....
.......#..#
..#..
.......##.##


You could see 5 yaks.

Vanquished Creatures
  A yak (D:6)
  A water moccasin (Sewer)
  2 black bears
  An ice beast (D:6)
  2 ogres (D:5)
  Blork the orc (D:4)
  A scorpion (D:4)
  6 wights (D:6)
  A bullfrog zombie (D:6)
  2 hounds
  3 gnoll shamans
  3 orc priests
  Crazy Yiuf (D:3)
  Ijyb (D:4)
  5 iguanas
  18 gnolls
  5 adders
  An ufetubus (D:5)
  An adder skeleton (D:4)
  2 worms (D:2)
  4 dart slugs
  3 orcs
  10 ball pythons
  11 endoplasms
  5 giant cockroaches
  7 goblins
  3 hobgoblins
  2 jackals (Sewer)
  7 kobolds
  6 quokkas
  5 bats
  3 frilled lizards
  A jackal skeleton (D:4)
  7 rats
132 creatures vanquished.

Vanquished Creatures (others)
  423 foxfires
423 creatures vanquished.

Grand Total: 555 creatures vanquished

Notes
Turn   | Place    | Note
-------+----------+-------------------------------------------
     0 | D:1      | funkygono the Gargoyle Fire Elementalist began the quest
                  | for the Orb.
     0 | D:1      | Reached XP level 1. HP: 10/10 MP: 3/3
   241 | D:1      | Reached XP level 2. HP: 15/15 MP: 3/5
   409 | D:1      | Found a faded altar of an unknown god.
   567 | D:1      | Learned a level 2 spell: Scorch
   665 | D:1      | Reached XP level 3. HP: 19/19 MP: 3/6
   719 | D:1      | Learned a level 3 spell: Conjure Flame
  1258 | D:2      | Reached XP level 4. HP: 24/24 MP: 4/7
  1507 | D:2      | Reached skill level 4 in Fire Magic
  1934 | D:3      | Found a runed translucent door.
  1935 | D:3      | Noticed Crazy Yiuf
  2058 | D:3      | Reached XP level 5. HP: 10/28 MP: 2/9
  2163 | D:3      | Found a glowing drain.
  2205 | Sewer    | Entered a sewer
  2309 | Sewer    | Noticed a water moccasin
  2318 | Sewer    | Killed a water moccasin
  2319 | Sewer    | Reached XP level 6. HP: 22/32 MP: 3/11
  3061 | D:3      | Killed Crazy Yiuf
  3117 | D:3      | Learned a level 4 spell: Flame Wave
  3197 | D:4      | Found the +8 trident of the Octopus King {venom, rElec
                  | rPois}
  3205 | D:4      | Reached skill level 5 in Fire Magic
  3311 | D:4      | Found Fixkeame's Self-Improvement Boutique.
  3346 | D:4      | Noticed Ijyb
  3355 | D:4      | Killed Ijyb
  3476 | D:4      | Reached XP level 7. HP: 37/37 MP: 10/13
  3717 | D:4      | Noticed Blork the orc
  3741 | D:4      | Killed Blork the orc
  4197 | D:5      | Entered Level 5 of the Dungeon
  4211 | D:5      | Reached skill level 6 in Fire Magic
  4278 | D:5      | Reached skill level 5 in Spellcasting
  4337 | D:5      | Reached XP level 8. HP: 42/42 MP: 12/15
  4343 | D:5      | Found a staircase to the Ecumenical Temple.
  4352 | Temple   | Entered the Ecumenical Temple
  4641 | Temple   | Became a worshipper of Vehumet
  5293 | D:6      | Found a blossoming altar of Fedhas.
  5479 | D:6      | Reached skill level 7 in Fire Magic
  5491 | D:6      | Reached skill level 5 in Conjurations
  5515 | D:5      | Reached * piety under Vehumet
  5515 | D:5      | Offered knowledge of Freeze by Vehumet.
  5516 | D:5      | Reached XP level 9. HP: 7/46 MP: 5/19
  5846 | D:6      | Reached skill level 1 in Maces & Flails
  5847 | D:6      | Slain by a yak

Illustrated notes

Levels and vault maps discovered:
D:1:      dpeg_arrival_morbid_curiosity, layout_loops_corners,
          shapermc_ecumenical_altar_pompeii
D:2:      layout_loops_ring, minmay_bisected
D:3:      layout_basic, cheibrodos_sewer_entry_drain, minmay_misc_feat_roman,
          uniq_crazy_yiuf_cottage
D:4:      layout_loops_ring, nicolae_shop_self_help, uniq_ijyb,
          uniq_blork_the_orc
D:5:      layout_gridville, minmay_temple_entry_glass,
          nicolae_figureground_pulse
D:6:      layout_rooms, fedhas_altar_fruit_tree, ebering_ghost_sewer_d,
          chequers_avenue, hangedman_abyss_or_decor_stabs, kennysheep_diamond
Temple:   mainiacjoe_temple_cubbyholes

Skill      XL: |  1  2  3  4  5  6  7  8  9 |
---------------+----------------------------+-----
Fire Magic     | 4 5 6 7 |  7.5
Conjurations   | 2 3 5 |  5.4
Dodging        | 2 |  2.2
Spellcasting   | 3 4 5 6 |  6.9
Maces & Flails | 1 |  1.0
Fighting       | |  0.6
Stealth        | |  2.1

Action                   |  1- 3 |  4- 6 |  7- 9 || total
-------------------------+-------+-------+-------++-------
Melee: Whip              |     1 |    12 |       ||    13
       Mace              |       |       |     2 ||     2
 Cast: Foxfire           |    63 |    71 |   115 ||   249
       Scorch            |     5 |    22 |    25 ||    52
       Flame Wave        |       |       |     4 ||     4
  Use: Scroll            |       |     9 |     3 ||    12
Armor: Robe              |     7 |     6 |    19 ||    32
Dodge: Dodged            |    12 |    18 |    21 ||    51

Table legend: (Time is in decaauts)
 A = Elapsed time spent in this place.
 B = Non-inter-level travel time spent in this place.
 C = Inter-level travel time spent in this place.
 D = Time resting spent in this place.
 E = Time spent auto-exploring this place.
 F = Levels seen in this place.
 G = Mean time per level.
                   A        B        C        D        E       F      G
               +--------+--------+--------+--------+--------+-----+--------+
         Total |   5867 |   5617 |    250 |    212 |   4366 |   8 |  733.4 |
       Dungeon |   5195 |   4999 |    196 |    212 |   3845 |   6 |  865.8 |
        Temple |    364 |    311 |     53 |      0 |    299 |   1 |  364.0 |
         Sewer |    306 |    306 |      0 |      0 |    222 |   1 |  306.0 |
               +--------+--------+--------+--------+--------+-----+--------+

Top non-repeatable levels by time:
     D:1: 1110 daAuts
     D:4: 1064 daAuts
     D:5: 993 daAuts
     D:3: 945 daAuts
     D:2: 789 daAuts
  Temple: 364 daAuts
   Sewer: 306 daAuts
     D:6: 292 daAuts
